 Dungeon Sprint DCSS version 0.31-a0-595-g4209ae197b (webtiles) character file.

Game seed: 4154343168388742128

10166 Conn the Eclecticist (level 11, -12/67 HPs)
             Began as an Octopode Fire Elementalist on Aug 19, 2023.
             Was a High Priest of Sif Muna.
             Shot with an arrow by a centaur warrior (21 damage)
             ... in the Dungeon (Sprint II: "The Violet Keep of Menkaure").
             The game lasted 00:23:06 (2387 turns).

Conn the Eclecticist (Octopode Fire Elementalist)   Turns: 2387, Time: 00:23:07

Health: -12/67     AC:  2    Str:  7    XL:     11   Next: 57%
Magic:  20/40      EV: 15    Int: 26    God:    Sif Muna [*****.]
Gold:   440        SH:  0    Dex: 13    Spells: 21/43 levels left

rFire   + + .        i - +2 dagger (drain)
rCold   . . .        k - orb "Manuruako" {*channel, rElec rF++ Stlth-}
rNeg    + . .        m - +1 hat
rPois   .            (no amulet)
rElec   +            g - ring of see invisible
rCorr   .            c - ring "Gukkefot" {MP+9 Int+4}
SInv    +            e - ring of positive energy
Will    .....        (no ring)
Stlth   +++          (no ring)
HPRegen 0.31/turn    (no ring)
MPRegen 0.27/turn    (no ring)
                     (no ring)

%: no teleportation, channel magic (20%)
@: lethally poisoned (-12 -> -33)
A: almost no armour, amphibious, 8 rings, camouflage 1, gelatinous body 1,
(nimble swimmer 1), tentacles
a: Renounce Religion, Channel Magic, Forget Spell, Divine Exegesis


You were in the Dungeon.
You worshipped Sif Muna.
Sif Muna was extremely pleased with you.
You visited 1 branch You collected 1628 gold pieces.
You spent 1188 gold pieces at shops.

Inventory:

Hand Weapons
 i - a +2 dagger of draining (weapon)
Armour
 h - the +0 kite shield of Defence {Harm rC- rN+}
   (You bought it in a shop in the Dungeon)

   rC-:       It makes you vulnerable to cold.
   rN+:       It protects you from negative energy.
   Harm:      It increases damage dealt and taken.
 k - the orb "Manuruako" (worn) {*channel, rElec rF++ Stlth-}
   (You bought it in a shop in the Dungeon)

   rF++:      It greatly protects you from fire.
   rElec:     It insulates you from electricity.
   Stlth-:    It makes you less stealthy.
 m - a +1 hat (worn)
Jewellery
 c - the ring "Gukkefot" (right tentacle) {MP+9 Int+4}
   (You bought it in a shop in the Dungeon)

   [ring of magical power]

   Int+4:     It affects your intelligence (+4).
   MP+9:      It affects your magic capacity (+9).
 e - a ring of positive energy (on tentacle)
 g - a ring of see invisible (left tentacle)
Scrolls
 b - 2 scrolls of amnesia
 d - a scroll of silence
 f - 2 scrolls of blinking
 q - a scroll of fog
 r - a scroll of revelation
Potions
 a - 6 potions of magic
 j - a potion of brilliance
 l - a potion of curing
 n - a potion of mutation
 o - 2 potions of enlightenment
 p - 2 potions of resistance


   Skills:
 + Level 3.5 Fighting
 + Level 1.1 Short Blades
 + Level 6.3 Dodging
 - Level 6.8 Stealth
 + Level 16.7 Spellcasting
 * Level 10.9 Conjurations
 + Level 3.1 Hexes
 - Level 5.0 Translocations
 + Level 14.3 Fire Magic
 * Level 3.5 Earth Magic
 * Level 7.5 Invocations


You had 21 spell levels left.
You knew the following spells:

 Your Spells              Type           Power      Damage    Failure   Level
a - Foxfire               Conj/Fire      100%       2x1d9     1%          1
b - Scorch                Fire           100%       2d9       1%          2
c - Inner Flame           Hex/Fire       61%        N/A       2%          3
d - Flame Wave            Conj/Fire      72%        2d16      1%          4
e - Blink                 Tloc           96%        N/A       3%          2
f - Iskenderun's Mystic   Conj/Tloc      59%        2d12      4%          4
g - Leda's Unmaking       Conj/Erth      28%        9d5       38%         6

Your spell library contained the following spells:

 Spells                   Type           Power      Damage    Failure   Level
 Momentum Strike          Conj/Tloc      100%       3d10      1%          2
 Searing Ray              Conj           100%       2d8       1%          2
 Volatile Blastmotes      Fire/Tloc      100%       2d18      1%          3
 Sticky Flame             Conj/Fire      72%        2d9       1%          4
 Kiss of Death            Conj/Necr      100%       2d13      2%          1
 Lesser Beckoning         Tloc           96%        N/A       3%          2
 Iskenderun's Battlesphe  Conj           68%        2d12      4%          5
 Spellforged Servitor     Conj/Summ      25%        N/A       98%         7
 Fire Storm               Conj/Fire      36%        8d9       100%        9


Dungeon Overview and Level Annotations

Branches:
Dungeon (1/1)

Altars:
Cheibriados
Dithmenos
Elyvilon
Fedhas
Gozag
Hepliaklqana
Kikubaaqudgha
Makhleb
Nemelex Xobeh
Okawaru
Qazlal
Ru
Sif Muna
Trog
Uskayaw
Vehumet
Wu Jian
Xom
Yredelemnul
Zin
The Shining One
Jiyva
Lugonu

Shops:
D !:=!!?[*[*=(:((*:

Annotations:
D exclusion: oklob plant, Kirke, Roxanne


Innate Abilities, Weirdness & Mutations

You cannot wear most types of armour.
You are amphibious.
You can wear up to eight rings at the same time.
Your skin changes colour to match your surroundings (Stealth+).
Your rubbery body absorbs attacks. (AC +1, EV +1)
((You are camouflaged when in or above water. (Stealth+)))
You have tentacles for arms and can constrict up to eight enemies at once.


Message History

Flames lash the redback.
Flame seeps out of the redback.
The redback is severely wounded.
The redback's fire resistance burns away.
Unknown command.
Unknown command.
Unknown command.
Casting: Scorch (safe; 1% risk of failure)
Confirm with . or Enter, or press ? or * to list all spells.
Okay, then.
Unknown command.
Unknown command.
Your foxfire dissipates!
The redback bites you!
You are poisoned.
The redback poisons you!
Unknown command.
Unknown command.
Casting: Scorch (safe; 1% risk of failure)
Confirm with . or Enter, or press ? or * to list all spells.
You erupt in a blast of force!
The mystic blast hits the redback!
Sif Muna accepts your kill.
The redback explodes!
The fiery explosion engulfs you. You resist.
You are engulfed in blazing flames.
You resist.
You feel extremely sick.
A yaktaur captain breaks down the gate.
The lava snake spits lava at you. The glob of lava hits you!
You partially resist.
* * * LOW HITPOINT WARNING * * *
The soul eater draws from the surrounding life force!
* * * LOW HITPOINT WARNING * * *
Your magical contamination has completely faded away.
Unknown command.
Unknown command.
Unknown command.
* * * LOW HITPOINT WARNING * * *
You feel very sick.
The centaur warrior wields a +0 shortbow.
The centaur warrior shoots an arrow.
The arrow hits you!!
You die...

####+#### ##≈≈§≈≈≈≈##
###§≈§§○§≈§§## ▓▓+ c≈§§≈≈≈§°§≈≈#
+○. Y #§§°≈§§§≈≈ #.. @zK~##≈○SSS°
#.° #########~z#'○○#+++## #:
########~~@c3○§§@...# #[
.......#~~~~.##+##..# #○
...⌠...#~~~~##...##.#### +.##.#)
..∩.∩..#~~~~#..#..#....# ...###
.∩.∩.∩.#~~####.#.####..## #..##.
∩.∩.∩.∩#~##.###'###.##..# +..#..
.∩...∩.#~#...##.####.#..# #..#..
∩.....∩'~'.#)'.<.'.##'..####..##.
.......#~#...##.##...#....###...#


You could see Kirke, a yaktaur captain (inner flame), a skeletal warrior, a soul
eater (summoned), a centaur warrior and 2 lava snakes.

Vanquished Creatures
  2 sphinxes (D)
  A kraken (D)
  Gastronok (D)
  3 sixfirhies (D)
  2 deep trolls (D)
  A merfolk siren (D)
  A yaktaur (D)
  3 polar bears (D)
  A hornet (D)
  A blink frog (D)
  2 wyverns (D)
  A redback (D)
  Menkaure (D)
  4 water moccasins (D)
  4 necrophages (D)
  9 electric eels (D)
  A jelly (D)
  3 worms (D)
41 creatures vanquished.

Vanquished Creatures (others)
  114 foxfires (D)
  44 tentacles (D)
158 creatures vanquished.

Grand Total: 199 creatures vanquished

Notes
Turn   | Place    | Note
-------+----------+-------------------------------------------
     0 | D        | Conn the Octopode Fire Elementalist began the quest for the
                  | Orb.
     0 | D        | Reached XP level 1. HP: 11/11 MP: 3/3
     1 | D        | Noticed a merfolk siren
     4 | D        | Noticed a wyvern
     4 | D        | Noticed a wyvern
     8 | D        | Noticed a necrophage
     8 | D        | Noticed a necrophage
     8 | D        | Noticed a necrophage
     8 | D        | Noticed a necrophage
    13 | D        | Killed a necrophage
    14 | D        | Reached skill level 4 in Spellcasting
    14 | D        | Reached skill level 5 in Fire Magic
    14 | D        | Reached XP level 2. HP: 17/17 MP: 4/7
    14 | D        | Reached XP level 3. HP: 21/21 MP: 4/8
    14 | D        | Reached XP level 4. HP: 27/27 MP: 5/10
    18 | D        | Killed a necrophage
    19 | D        | Reached skill level 5 in Spellcasting
    19 | D        | Reached XP level 5. HP: 31/31 MP: 5/12
    27 | D        | Reached skill level 5 in Stealth
    27 | D        | Reached skill level 6 in Spellcasting
    27 | D        | Reached XP level 6. HP: 26/36 MP: 6/15
    40 | D        | Learned a level 2 spell: Scorch
    44 | D        | Learned a level 3 spell: Inner Flame
    49 | D        | Learned a level 4 spell: Flame Wave
    60 | D        | Noticed a water moccasin
    69 | D        | Killed a water moccasin
    70 | D        | Reached skill level 7 in Spellcasting
    70 | D        | Reached skill level 5 in Conjurations
    93 | D        | Found a glowing golden altar of the Shining One.
    93 | D        | Found an ornate altar of the Wu Jian Council.
    94 | D        | Found a shimmering altar of Xom.
    94 | D        | Found a sacrificial altar of Ru.
    95 | D        | Found a basalt altar of Yredelemnul.
    95 | D        | Found a shimmering blue altar of Sif Muna.
    95 | D        | Found a stormy altar of Qazlal.
    95 | D        | Found a viscous altar of Jiyva.
    96 | D        | Found a glowing silver altar of Zin.
    96 | D        | Found a bloodstained altar of Trog.
    96 | D        | Found an ancient bone altar of Kikubaaqudgha.
    97 | D        | Found a hide-covered altar of Uskayaw.
    97 | D        | Found a corrupted altar of Lugonu.
    97 | D        | Found a shadowy altar of Dithmenos.
    97 | D        | Found a hazy altar of Hepliaklqana.
    97 | D        | Found a snail-covered altar of Cheibriados.
    98 | D        | Found a radiant altar of Vehumet.
    98 | D        | Found a burning altar of Makhleb.
    98 | D        | Found a white marble altar of Elyvilon.
    99 | D        | Found a sparkling altar of Nemelex Xobeh.
    99 | D        | Found a blossoming altar of Fedhas.
   101 | D        | Found an iron altar of Okawaru.
   101 | D        | Found an opulent altar of Gozag.
   106 | D        | Became a worshipper of Sif Muna the Loreminder
   113 | D        | Noticed a water moccasin
   113 | D        | Noticed a water moccasin
   117 | D        | Noticed a water moccasin
   118 | D        | Noticed a kraken
   121 | D        | Killed a water moccasin
   122 | D        | Reached XP level 7. HP: 20/42 MP: 6/18
   126 | D        | Reached skill level 1 in Fighting
   126 | D        | Reached skill level 5 in Dodging
   126 | D        | Reached skill level 8 in Spellcasting
   228 | D        | Reached * piety under Sif Muna
   229 | D        | Reached skill level 10 in Fire Magic
   262 | D        | Noticed a flying skull
   262 | D        | Noticed a flying skull
   262 | D        | Noticed a flying skull
   262 | D        | Noticed a flying skull
   266 | D        | Noticed a deep troll
   266 | D        | Noticed a deep troll
   268 | D        | Noticed a flying skull
   269 | D        | Noticed a flying skull
   282 | D        | Killed a deep troll
   283 | D        | Reached skill level 10 in Spellcasting
   283 | D        | Reached XP level 8. HP: 48/48 MP: 3/22
   473 | D        | Killed a deep troll
   474 | D        | Reached skill level 11 in Spellcasting
   474 | D        | Reached XP level 9. HP: 54/54 MP: 7/24
   755 | D        | Noticed a yaktaur
   755 | D        | Noticed a hornet
   755 | D        | Noticed a polar bear
   757 | D        | Noticed a polar bear
   767 | D        | Killed a polar bear
   767 | D        | Reached ** piety under Sif Muna
   768 | D        | Reached skill level 12 in Spellcasting
   769 | D        | Killed a yaktaur
   776 | D        | Killed a polar bear
   776 | D        | HP: 1/54 [spore (19)]
   979 | D        | Killed a hornet
   980 | D        | Reached skill level 13 in Spellcasting
  1007 | D        | Noticed a polar bear
  1014 | D        | Killed a polar bear
  1014 | D        | Reached *** piety under Sif Muna
  1015 | D        | Reached skill level 1 in Hexes
  1102 | D        | Reached skill level 1 in Invocations
  1153 | D        | Noticed Roxanne
  1167 | D        | Killed a merfolk siren
  1168 | D        | Reached XP level 10. HP: 46/63 MP: 11/27
  1270 | D        | Found Neuqiost's Book Shoppe.
  1270 | D        | Found Xyufimn's Antique Weapon Shoppe.
  1270 | D        | Found Vuycel's Jewellery Emporium.
  1270 | D        | Found Leexonn's Antique Weapon Emporium.
  1270 | D        | Found Geutuyzxyx's Antique Armour Shoppe.
  1270 | D        | Found Hepsoa's Assorted Antiques.
  1271 | D        | Found Veskets's General Store.
  1271 | D        | Found Gakyet's Antique Armour Emporium.
  1272 | D        | Found Deqoec's Magic Scroll Shoppe.
  1272 | D        | Found Wuner's Distillery.
  1273 | D        | Found Sisecug's Antique Weapon Emporium.
  1274 | D        | Found Noebb's Distillery.
  1274 | D        | Found Tununk's Jewellery Emporium.
  1274 | D        | Noticed Menkaure
  1274 | D        | Noticed an oklob plant
  1278 | D        | Killed Menkaure
  1278 | D        | Reached **** piety under Sif Muna
  1279 | D        | Reached skill level 14 in Spellcasting
  1279 | D        | Found Nuficuk's Distillery.
  1279 | D        | Found Gicruddy's Book Shoppe.
  1283 | D        | Bought the ring "Gukkefot" {MP+9 Int+4} for 389 gold pieces
  1288 | D        | Bought a blackened moonstone ring for 130 gold pieces
  1290 | D        | Bought a shimmering kite shield for 228 gold pieces
  1290 | D        | Identified the +0 kite shield of Defence {Harm rC- rN+}
                  | (You bought it in a shop in the Dungeon)
  1291 | D        | Bought a heavily runed orb for 210 gold pieces
  1291 | D        | Identified the orb "Manuruako" {*channel, rElec rF++
                  | Stlth-} (You bought it in a shop in the Dungeon)
  1296 | D        | Noticed a cane toad
  1298 | D        | Noticed a cane toad
  1303 | D        | Bought a potion of lignification for 33 gold pieces
  1309 | D        | Bought a book of Spatial Translocations for 198 gold pieces
  1312 | D        | Learned a level 2 spell: Blink
  1388 | D        | Reached skill level 1 in Translocations
  1545 | D        | Reached ***** piety under Sif Muna
  1549 | D        | Noticed a sixfirhy
  1552 | D        | Noticed a sixfirhy
  1555 | D        | Received a gift from Sif Muna
  1563 | D        | Got Sif Muna's Codex of Blasts {god gift}
  1569 | D        | Learned a level 4 spell: Iskenderun's Mystic Blast
  1571 | D        | Noticed a sixfirhy
  1588 | D        | Found Zappautz's Book Shoppe.
  1589 | D        | Found Cyvuxt's General Store.
  1618 | D        | Killed a sixfirhy
  1620 | D        | Killed a sixfirhy
  1621 | D        | Reached skill level 15 in Spellcasting
  1639 | D        | Killed a sixfirhy
  1829 | D        | Noticed Gastronok
  1847 | D        | Killed Gastronok
  1848 | D        | Reached skill level 1 in Short Blades
  1848 | D        | Reached skill level 10 in Conjurations
  1848 | D        | Reached skill level 5 in Invocations
  1848 | D        | Reached XP level 11. HP: 43/67 MP: 30/30
  1948 | D        | Noticed a dire elephant
  1948 | D        | Noticed an orc sorcerer
  1948 | D        | Noticed an orc sorcerer
  1948 | D        | Noticed an orc sorcerer
  1949 | D        | Noticed a sun demon
  2065 | D        | Killed a kraken
  2065 | D        | Received a gift from Sif Muna
  2066 | D        | Reached skill level 16 in Spellcasting
  2066 | D        | Reached skill level 5 in Translocations
  2081 | D        | Learned a level 6 spell: Leda's Unmaking
  2177 | D        | Noticed a sphinx
  2177 | D        | Noticed a sphinx
  2193 | D        | Killed a sphinx
  2203 | D        | Killed a sphinx
  2374 | D        | Noticed Kirke
  2374 | D        | Noticed a yaktaur captain
  2376 | D        | Noticed a centaur warrior
  2378 | D        | Noticed a skeletal warrior
  2383 | D        | Noticed a soul eater
  2387 | D        | Shot with an arrow by a centaur warrior

Illustrated notes

Levels and vault maps discovered:
D:        the_violet_keep_of_menkaure [sprint2_stairs_cluster_1,
          sprint2_shoproom, sprint2_temple, sprint2_basic_supplies,
          sprint2_obstacle_6, sprint2_obstacle_7, sprint2_obstacle_5,
          sprint2_obstacle_2, sprint2_obstacle_4, sprint2_timed_cluster_1,
          sprint2_smallroom_cluster_1, sprint2_smallroom_final_cluster_1,
          sprint2_transparent_cluster_1, sprint2_second_timed_cluster_1,
          sprint2_sniper_area_1, sprint2_heavy_combat_area_1,
          sprint2_mutation_trap_area_1, sprint2_forest_area_1,
          sprint2_light_combat_area_1, sprint2_behind_water_1,
          sprint2_near_end_vault_1]

Skill      XL: |  1  2  3  4  5  6  7  8  9 10 11 |
---------------+----------------------------------+-----
Dodging        | 3 4 5 6 |  6.3
Stealth        | 3 4 5 6 |  6.8
Spellcasting   | 4 5 6 7 10 11 13 15 16 | 16.7
Conjurations   | 3 4 5 7 9 10 | 10.9
Fire Magic     | 5 6 8 9 10 11 12 13 14 | 14.3
Fighting       | 1 3 |  3.5
Hexes          | 1 2 3 |  3.1
Invocations    | 2 5 7 |  7.5
Translocations | 4 5 |  5.0
Short Blades   | 1 |  1.1
Earth Magic    | 3 |  3.5

Action                     |  1- 3 |  4- 6 |  7- 9 | 10-12 || total
---------------------------+-------+-------+-------+-------++-------
  Melee: Unarmed           |     2 |    16 |       |       ||    18
         Tentacles         |     1 |     4 |       |       ||     5
         Constrict         |       |     4 |       |       ||     4
         Dagger            |       |       |       |    18 ||    18
   Cast: Scorch            |       |     4 |    25 |    24 ||    53
         Flame Wave        |       |     1 |     4 |     6 ||    11
         Foxfire           |       |       |    26 |    43 ||    69
         Inner Flame       |       |       |     7 |    10 ||    17
         Iskenderun's Myst |       |       |       |     5 ||     5
         Fire Storm        |       |       |       |     1 ||     1
 Invoke: Divine Exegesis   |       |       |       |     1 ||     1
    Use: Potion            |     2 |     1 |     5 |     2 ||    10
         Scroll            |       |       |     5 |     2 ||     7
   Stab: Sleeping          |       |       |       |     1 ||     1
 Armour: Skin              |       |       |     3 |    16 ||    19
  Dodge: Dodged            |       |     5 |    19 |    18 ||    42

Table legend: (Time is in decaauts)
 A = Elapsed time spent in this place.
 B = Non-inter-level travel time spent in this place.
 C = Inter-level travel time spent in this place.
 D = Time resting spent in this place.
 E = Time spent auto-exploring this place.
 F = Levels seen in this place.
 G = Mean time per level.
                   A        B        C        D        E       F      G
               +--------+--------+--------+--------+--------+-----+--------+
         Total |   2432 |   2428 |      4 |   1277 |      0 |   1 | 2432.0 |
       Dungeon |   2432 |   2428 |      4 |   1277 |      0 |   1 | 2432.0 |
               +--------+--------+--------+--------+--------+-----+--------+

Top non-repeatable levels by time:
       D: 2432 daAuts
